| TOP OF THE 1ST |
|
Savannah Indians batting - Pitching for Mobile Bears : RHP Jose Villamil
|
|
Pitching: RHP Jose Villamil
|
|
|
Batting: RHB Angel Salazar
|
0-0: Ball 1-0: Ball 2-0: Called Strike 2-1: Ball 3-1: Base on Balls
|
|
Batting: LHB Kelvin Torve
|
0-0: Ball 1-0: Called Strike 1-1: Swinging Strike 1-2: Foul Ball, location: 2F 1-2: Ball 2-2: Reached on error, E3 (Groundball, 3, EV 106.3 MPH) Angel Salazar to second
|
|
Batting: RHB Jim Paciorek
|
0-0: Ball Angel Salazar steals 3rd base 1-0: Ball 2-0: Called Strike 2-1: Grounds into double play, 5-4-3 (Groundball, 5, EV 85.6 MPH) Angel Salazar scores
|
|
Batting: RHB Wade Rowdon
|
0-0: Ball 1-0: Ball 2-0: Ball 3-0: Base on Balls
|
|
Batting: RHB Ramiro Gutierrez
|
0-0: Called Strike 0-1: Ball 1-1: Ball 2-1: Fly out, F6 (Popup, 4MD, EV 68.1 MPH)
|
| Top of the 1st over - 1 run, 0 hits, 1 error, 1 left on base; Savannah 1 - Mobile 0 |
| BOTTOM OF THE 1ST |
|
Mobile Bears batting - Pitching for Savannah Indians : RHP Jeffrey Horne
|
|
Pitching: RHP Jeffrey Horne
|
|
|
Batting: LHB Jeffrey Szczecinski
|
0-0: Called Strike 0-1: Ground out 1-3 (Groundball, 13S, EV 70.0 MPH)
|
|
Batting: RHB Bob Hendershot
|
0-0: Ground out 5-3 (Groundball, 56S, EV 81.9 MPH)
|
|
Batting: LHB Franklin Stubbs
|
0-0: Foul Ball, location: 2F 0-1: Ball 1-1: Ball 2-1: Ball 3-1: Fly out, F7 (Flyball, 7LD, EV 101.3 MPH)
|
| Bottom of the 1st over - 0 runs, 0 hits, 0 errors, 0 left on base; Savannah 1 - Mobile 0 |
| TOP OF THE 2ND |
|
Savannah Indians batting - Pitching for Mobile Bears : RHP Jose Villamil
|
|
Batting: LHB Roberto Hernandez
|
0-0: Ball 1-0: Ball 2-0: DOUBLE (Groundball, 3L, EV 103.8 MPH)
|
|
Batting: RHB Eddie Vargas
|
0-0: Ball 1-0: Ball 2-0: Swinging Strike 2-1: Ground out 2-3 (Groundball, 2L, EV 62.5 MPH) Roberto Hernandez to third
|
|
Batting: RHB Mario Diaz
|
0-0: Ground out 6-3 (Groundball, 6, EV 106.3 MPH) Roberto Hernandez scores
|
|
Batting: RHB Dan Plante
|
0-0: SINGLE (Groundball, 6MD, EV 100.6 MPH)
|
|
Batting: RHB Angel Salazar
|
0-0: Ball 1-0: Called Strike 1-1: Foul Ball, location: 2F 1-2: Ground out 4-3 (Groundball, 4, EV 109.4 MPH)
|
| Top of the 2nd over - 1 run, 2 hits, 0 errors, 1 left on base; Savannah 2 - Mobile 0 |
| BOTTOM OF THE 2ND |
|
Mobile Bears batting - Pitching for Savannah Indians : RHP Jeffrey Horne
|
|
Batting: SHB Dave Cochrane
|
0-0: Ball 1-0: Fly out, F4 (Popup, 34D, EV 71.9 MPH)
|
|
Batting: SHB Paul Hundhammer
|
0-0: Called Strike 0-1: Foul Ball, location: 2F 0-2: Fly out, F9 (Flyball, 9D, EV 77.5 MPH)
|
|
Batting: RHB Jose Aguirre
|
0-0: Ball 1-0: Fly out, F8 (Line Drive, 8RD, EV 97.5 MPH)
|
| Bottom of the 2nd over - 0 runs, 0 hits, 0 errors, 0 left on base; Savannah 2 - Mobile 0 |
| TOP OF THE 3RD |
|
Savannah Indians batting - Pitching for Mobile Bears : RHP Jose Villamil
|
|
Batting: LHB Kelvin Torve
|
0-0: Ground out U3 (Groundball, 3, EV 100.0 MPH)
|
|
Batting: RHB Jim Paciorek
|
0-0: Ground out U3 (Groundball, 3, EV 103.1 MPH)
|
|
Batting: RHB Wade Rowdon
|
0-0: Called Strike 0-1: Called Strike 0-2: Ball 1-2: Strikes out looking
|
| Top of the 3rd over - 0 runs, 0 hits, 0 errors, 0 left on base; Savannah 2 - Mobile 0 |
| BOTTOM OF THE 3RD |
|
Mobile Bears batting - Pitching for Savannah Indians : RHP Jeffrey Horne
|
|
Batting: LHB Douglas Latrenta
|
0-0: Ground out 4-3 (Groundball, 4D, EV 87.5 MPH)
|
|
Batting: LHB Delano Freeney
|
0-0: Foul Ball, location: 2F 0-1: Ball 1-1: Called Strike 1-2: Ball 2-2: Ball 3-2: DOUBLE (Flyball, 78D, EV 112.5 MPH)
|
|
Batting: RHB Jim Opie
|
0-0: Foul Ball, location: 2F 0-1: Ball 1-1: Foul Ball, location: 2F 1-2: Ball 2-2: Ball 3-2: Foul Ball, location: 2F 3-2: Foul Ball, location: 2F 3-2: Base on Balls
|
|
Batting: LHB Jeffrey Szczecinski
|
0-0: Ball 1-0: Foul Ball, location: 2F 1-1: Ball 2-1: Ball 3-1: Swinging Strike 3-2: Foul Ball, location: 2F 3-2: SINGLE (Groundball, 3D, EV 102.5 MPH) Delano Freeney to third Jim Opie to second Runner from 3rd tries for Home, SAFE, throw by RF to home
|
|
Batting: RHB Bob Hendershot
|
0-0: Called Strike 0-1: Swinging Strike 0-2: Ball 1-2: Foul Ball, location: 2F 1-2: Fly out, F7 (Flyball, 78S, EV 85.6 MPH)
|
|
Batting: LHB Franklin Stubbs
|
0-0: Ball 1-0: Called Strike 1-1: Foul Ball, location: 2F 1-2: Hit by Pitch Jim Opie to third Jeffrey Szczecinski to second
|
|
Batting: SHB Dave Cochrane
|
0-0: Called Strike 0-1: Called Strike 0-2: Ball 1-2: Ball 2-2: Foul Ball, location: 2F 2-2: Foul Ball, location: 2F 2-2: Ball 3-2: GRAND SLAM HOME RUN (Flyball, 9D, EV 106.3 MPH) (Inside the Park)
|
|
Batting: SHB Paul Hundhammer
|
0-0: Called Strike 0-1: Called Strike 0-2: Ball 1-2: Ball 2-2: Ball 3-2: Foul Ball, location: 2F 3-2: SINGLE (Line Drive, 7S, EV 91.9 MPH)
|
|
Batting: RHB Jose Aguirre
|
0-0: Ball 1-0: Swinging Strike 1-1: Swinging Strike 1-2: Fly out, F8 (Flyball, 8LD, EV 91.9 MPH)
|
| Bottom of the 3rd over - 5 runs, 4 hits, 0 errors, 1 left on base; Savannah 2 - Mobile 5 |
| TOP OF THE 4TH |
|
Savannah Indians batting - Pitching for Mobile Bears : RHP Jose Villamil
|
|
Batting: RHB Ramiro Gutierrez
|
0-0: Foul Ball, location: 2F 0-1: Ball 1-1: Ground out 4-3 (Groundball, 34, EV 92.5 MPH)
|
|
Batting: LHB Roberto Hernandez
|
0-0: SINGLE (Flyball, 8LS, EV 98.1 MPH)
|
|
Batting: RHB Eddie Vargas
|
0-0: Ball 1-0: TRIPLE (Line Drive, 78XD, EV 106.3 MPH) Roberto Hernandez scores
|
|
Batting: RHB Mario Diaz
|
0-0: SINGLE (Flyball, 56D, EV 96.3 MPH) Eddie Vargas scores
|
|
Batting: RHB Dan Plante
|
0-0: Ball 1-0: Ball 2-0: Ball 3-0: Called Strike 3-1: Fly out, F4 (Popup, 4, EV 55.0 MPH)
|
|
Batting: RHB Angel Salazar
|
0-0: Called Strike Mario Diaz steals 2nd base 0-1: Ball 1-1: Called Strike 1-2: Foul Ball, location: 2F 1-2: Foul Ball, location: 2F 1-2: Ball 2-2: Fly out, F8 (Flyball, 8LD, EV 100.0 MPH)
|
| Top of the 4th over - 2 runs, 3 hits, 0 errors, 1 left on base; Savannah 4 - Mobile 5 |
| BOTTOM OF THE 4TH |
|
Mobile Bears batting - Pitching for Savannah Indians : RHP Jeffrey Horne
|
|
Batting: LHB Douglas Latrenta
|
0-0: Fly out, F2 (Popup, 2LF, EV 90.0 MPH)
|
|
Batting: LHB Delano Freeney
|
0-0: Ball 1-0: Swinging Strike 1-1: Foul Ball, location: 2F 1-2: Ball 2-2: Foul Ball, location: 2F 2-2: Ball 3-2: Ground out 5-3 (Groundball, 5, EV 91.3 MPH)
|
|
Batting: RHB Jim Opie
|
0-0: Called Strike 0-1: Ball 1-1: Foul Ball, location: 2F 1-2: Ground out 5-3 (Groundball, 56S, EV 90.6 MPH)
|
| Bottom of the 4th over - 0 runs, 0 hits, 0 errors, 0 left on base; Savannah 4 - Mobile 5 |
| TOP OF THE 5TH |
|
Savannah Indians batting - Pitching for Mobile Bears : RHP Jose Villamil
|
|
Batting: LHB Kelvin Torve
|
0-0: SINGLE (Groundball, 6MD, EV 103.1 MPH)
|
|
Batting: RHB Jim Paciorek
|
0-0: Ball 1-0: Called Strike 1-1: Foul Ball, location: 2F 1-2: Foul Ball, location: 2F 1-2: Foul Ball, location: 2F 1-2: Strikes out swinging
|
|
Batting: RHB Wade Rowdon
|
0-0: Called Strike Kelvin Torve steals 2nd base 0-1: Ball 1-1: Ball 2-1: Foul Ball, location: 2F 2-2: Ball 3-2: Base on Balls
|
|
Batting: RHB Ramiro Gutierrez
|
0-0: Called Strike 0-1: Called Strike 0-2: Ball 1-2: Ball 2-2: Grounds into double play, 4-6-3 (Groundball, 4, EV 86.9 MPH)
|
| Top of the 5th over - 0 runs, 1 hit, 0 errors, 1 left on base; Savannah 4 - Mobile 5 |
| BOTTOM OF THE 5TH |
|
Mobile Bears batting - Pitching for Savannah Indians : RHP Jeffrey Horne
|
|
Batting: LHB Jeffrey Szczecinski
|
0-0: Ball 1-0: Foul Ball, location: 2F 1-1: Ground out U3 (Groundball, 3L, EV 86.3 MPH)
|
|
Batting: RHB Bob Hendershot
|
0-0: Reached on error, E5 (Groundball, 56S, EV 86.9 MPH)
|
|
Batting: LHB Franklin Stubbs
|
0-0: Called Strike 0-1: Called Strike 0-2: Ball 1-2: Ball 2-2: Foul Ball, location: 2F 2-2: Strikes out swinging
|
|
Batting: SHB Dave Cochrane
|
0-0: Fly out, F9 (Line Drive, 9D, EV 103.8 MPH)
|
| Bottom of the 5th over - 0 runs, 0 hits, 1 error, 1 left on base; Savannah 4 - Mobile 5 |
| TOP OF THE 6TH |
|
Savannah Indians batting - Pitching for Mobile Bears : RHP Jose Villamil
|
|
Batting: LHB Roberto Hernandez
|
0-0: Ball 1-0: Ball 2-0: Called Strike 2-1: Called Strike 2-2: Ball 3-2: Foul Ball, location: 2F 3-2: Base on Balls
|
|
Batting: RHB Eddie Vargas
|
0-0: Ball Roberto Hernandez is caught stealing 2nd base 2-4 1-0: DOUBLE (Line Drive, 89M, EV 94.4 MPH)
|
|
Batting: RHB Mario Diaz
|
0-0: Ball 1-0: Foul Ball, location: 2F 1-1: Foul Ball, location: 2F 1-2: Ground out 4-3 (Groundball, 4, EV 90.6 MPH) Eddie Vargas to third
|
|
Batting: RHB Dan Plante
|
0-0: Ground out 6-3 (Groundball, 6, EV 98.8 MPH)
|
| Top of the 6th over - 0 runs, 1 hit, 0 errors, 1 left on base; Savannah 4 - Mobile 5 |
| BOTTOM OF THE 6TH |
|
Mobile Bears batting - Pitching for Savannah Indians : RHP Jeffrey Horne
|
|
Batting: SHB Paul Hundhammer
|
0-0: Ball 1-0: Foul Ball, location: 2F 1-1: Ball 2-1: Ball 3-1: Base on Balls
|
|
Pitching: RHP John Dopson
|
|
|
Batting: RHB Jose Aguirre
|
0-0: SINGLE (Groundball, 6D, EV 94.4 MPH) Paul Hundhammer to second Paul Hundhammer to third
|
|
Batting: LHB Douglas Latrenta
|
0-0: Foul Ball, location: 2F 0-1: Foul Ball, location: 2F 0-2: SINGLE (Groundball, 34D, EV 107.5 MPH) Paul Hundhammer scores Jose Aguirre to second Runner from 2nd tries for 3rd, SAFE, no throw by RF
|
|
Batting: LHB Delano Freeney
|
0-0: DOUBLE (Flyball, 8RXD, EV 90.0 MPH) Jose Aguirre scores Douglas Latrenta to third
|
|
Batting: RHB Jim Opie
|
0-0: Ball 1-0: Fly out, F9 (Flyball, 9LM, EV 91.3 MPH)
|
|
Batting: LHB Jeffrey Szczecinski
|
0-0: Ball 1-0: Called Strike 1-1: Ground out 4-3 (Groundball, 4, EV 85.6 MPH) Douglas Latrenta scores Delano Freeney to third
|
|
Batting: RHB Bob Hendershot
|
0-0: Ball 1-0: Called Strike 1-1: Ball 2-1: Foul Ball, location: 2F 2-2: Ground out 6-3 (Groundball, 6, EV 84.4 MPH)
|
| Bottom of the 6th over - 3 runs, 3 hits, 0 errors, 1 left on base; Savannah 4 - Mobile 8 |
| TOP OF THE 7TH |
|
Savannah Indians batting - Pitching for Mobile Bears : RHP Jose Villamil
|
|
Batting: RHB Angel Salazar
|
0-0: Called Strike 0-1: Ball 1-1: SINGLE (Groundball, 6, EV 96.3 MPH)
|
|
Batting: LHB Kelvin Torve
|
0-0: Foul Ball, location: 2F 0-1: Foul Ball, location: 2F 0-2: Ball 1-2: SINGLE (Groundball, 34S, EV 83.8 MPH) (infield hit) Angel Salazar to second
|
|
Batting: RHB Jim Paciorek
|
0-0: Called Strike 0-1: Ball 1-1: Called Strike 1-2: Strikes out swinging
|
|
Batting: RHB Wade Rowdon
|
0-0: Foul Ball, location: 2F 0-1: Ball 1-1: Ball 2-1: 3-RUN HOME RUN (Flyball, 78XD, EV 104.4 MPH), Distance : 424 ft
|
|
Pitching: RHP Wayne Guinn
|
|
|
Batting: RHB Ramiro Gutierrez
|
0-0: Ball 1-0: Fly out, F9 (Flyball, 89M, EV 91.3 MPH)
|
|
Batting: LHB Roberto Hernandez
|
0-0: Ball 1-0: Ball 2-0: Foul Ball, location: 2F 2-1: Foul Ball, location: 2F 2-2: Ball 3-2: Base on Balls
|
|
Batting: RHB Eddie Vargas
|
0-0: Ball 1-0: 2-RUN HOME RUN (Flyball, 89XD, EV 110.0 MPH), Distance : 453 ft
|
|
Batting: RHB Mario Diaz
|
0-0: Called Strike 0-1: Called Strike 0-2: Ball 1-2: Ball 2-2: Ball 3-2: Strikes out looking
|
| Top of the 7th over - 5 runs, 4 hits, 0 errors, 0 left on base; Savannah 9 - Mobile 8 |
| BOTTOM OF THE 7TH |
|
Mobile Bears batting - Pitching for Savannah Indians : RHP John Dopson
|
|
Batting: LHB Franklin Stubbs
|
0-0: Called Strike 0-1: Ball 1-1: Fly out, F7 (Flyball, 7LD, EV 95.6 MPH)
|
|
Batting: SHB Dave Cochrane
|
0-0: Ground out 4-3 (Groundball, 4, EV 93.8 MPH)
|
|
Batting: SHB Paul Hundhammer
|
0-0: Called Strike 0-1: Called Strike 0-2: Ball 1-2: Ball 2-2: Fly out, F7 (Flyball, 78S, EV 88.1 MPH)
|
| Bottom of the 7th over - 0 runs, 0 hits, 0 errors, 0 left on base; Savannah 9 - Mobile 8 |
| TOP OF THE 8TH |
|
Savannah Indians batting - Pitching for Mobile Bears : RHP Wayne Guinn
|
|
Batting: RHB Dan Plante
|
0-0: SINGLE (Line Drive, 78S, EV 109.4 MPH)
|
|
Batting: RHB Angel Salazar
|
0-0: Ball 1-0: Fly out, F7 (Line Drive, 7, EV 96.3 MPH)
|
|
Batting: LHB Kelvin Torve
|
0-0: Ball 1-0: Grounds into double play, 6-4-3 (Groundball, 6, EV 80.6 MPH)
|
| Top of the 8th over - 0 runs, 1 hit, 0 errors, 0 left on base; Savannah 9 - Mobile 8 |
| BOTTOM OF THE 8TH |
|
Mobile Bears batting - Pitching for Savannah Indians : RHP John Dopson
|
|
Batting: RHB Jose Aguirre
|
0-0: Called Strike 0-1: Ball 1-1: Fly out, F3 (Popup, 3S, EV 74.4 MPH)
|
|
Batting: LHB Douglas Latrenta
|
0-0: Ball 1-0: Called Strike 1-1: Swinging Strike 1-2: Ball 2-2: Fly out, F8 (Flyball, 8LXD, EV 92.5 MPH)
|
|
Batting: LHB Delano Freeney
|
0-0: SOLO HOME RUN (Flyball, 9D, EV 101.3 MPH), Distance : 373 ft
|
|
Pitching: RHP Anthony Notarino
|
|
|
Batting: RHB Jim Opie
|
0-0: Ball 1-0: Fly out, F3 (Line Drive, 3, EV 70.6 MPH)
|
| Bottom of the 8th over - 1 run, 1 hit, 0 errors, 0 left on base; Savannah 9 - Mobile 9 |
| TOP OF THE 9TH |
|
Savannah Indians batting - Pitching for Mobile Bears : RHP Wayne Guinn
|
|
Pitching: RHP Dave S Smith
|
|
|
Batting: RHB Jim Paciorek
|
0-0: Swinging Strike 0-1: Foul Ball, location: 2F 0-2: Ball 1-2: Strikes out swinging
|
|
Batting: RHB Wade Rowdon
|
0-0: Called Strike 0-1: SINGLE (Groundball, 6MD, EV 102.5 MPH)
|
|
Batting: RHB Ramiro Gutierrez
|
0-0: Ball 1-0: Fielders Choice at 2nd, 4-6 (Groundball, 34, EV 85.6 MPH)
|
|
Batting: LHB Roberto Hernandez
|
0-0: Ball 1-0: Called Strike Ramiro Gutierrez is caught stealing 2nd base 2-6
|
| Top of the 9th over - 0 runs, 1 hit, 0 errors, 0 left on base; Savannah 9 - Mobile 9 |
| BOTTOM OF THE 9TH |
|
Mobile Bears batting - Pitching for Savannah Indians : RHP Anthony Notarino
|
|
Now at 3B: Dave Engle
|
|
|
Batting: LHB Jeffrey Szczecinski
|
0-0: Ball 1-0: Ball 2-0: Foul Ball, location: 2F 2-1: Ball 3-1: Fly out, F7 (Flyball, 7, EV 92.5 MPH)
|
|
Batting: RHB Bob Hendershot
|
0-0: Foul Ball, location: 2F 0-1: Swinging Strike 0-2: Ball 1-2: Ball 2-2: Ground out 1-3 (Groundball, 34S, EV 72.5 MPH)
|
|
Batting: LHB Franklin Stubbs
|
0-0: Called Strike 0-1: Called Strike 0-2: Ball 1-2: Strikes out looking
|
| Bottom of the 9th over - 0 runs, 0 hits, 0 errors, 0 left on base; Savannah 9 - Mobile 9 |
| TOP OF THE 10TH |
|
Savannah Indians batting - Pitching for Mobile Bears : RHP Dave S Smith
|
|
Batting: LHB Roberto Hernandez
|
0-0: Fly out, F7 (Flyball, 78D, EV 103.8 MPH)
|
|
Batting: RHB Eddie Vargas
|
0-0: Called Strike 0-1: Ball 1-1: Swinging Strike 1-2: Ground out 4-3 (Groundball, 4, EV 80.6 MPH)
|
|
Pinch Hitting: LHB Albert Castillo
|
0-0: Called Strike 0-1: Called Strike 0-2: Ball 1-2: Ball 2-2: Ball 3-2: Foul Ball, location: 2F 3-2: Foul Ball, location: 2F 3-2: Foul Ball, location: 2F 3-2: Strikes out swinging
|
| Top of the 10th over - 0 runs, 0 hits, 0 errors, 0 left on base; Savannah 9 - Mobile 9 |
| BOTTOM OF THE 10TH |
|
Mobile Bears batting - Pitching for Savannah Indians : RHP Anthony Notarino
|
|
Pitching: RHP Joel Willett
|
|
|
Now at 2B: Angelo Blake
|
|
|
Batting: SHB Dave Cochrane
|
0-0: Called Strike 0-1: Swinging Strike 0-2: Ball 1-2: Strikes out swinging
|
|
Batting: SHB Paul Hundhammer
|
0-0: Ball 1-0: Ball 2-0: Foul Ball, location: 2F 2-1: Ball 3-1: Base on Balls
|
|
Batting: RHB Jose Aguirre
|
0-0: Ball 1-0: Foul Ball, location: 2F 1-1: Called Strike 1-2: Foul Ball, location: 2F 1-2: Ground out 6-3 (Groundball, 6, EV 82.5 MPH) Paul Hundhammer to second
|
|
Batting: LHB Douglas Latrenta
|
0-0: Foul Ball, location: 2F 0-1: Ball 1-1: Fly out, F7 (Flyball, 7S, EV 93.1 MPH)
|
| Bottom of the 10th over - 0 runs, 0 hits, 0 errors, 1 left on base; Savannah 9 - Mobile 9 |
| TOP OF THE 11TH |
|
Savannah Indians batting - Pitching for Mobile Bears : RHP Dave S Smith
|
|
Pinch Hitting: LHB Felix Agapay
|
0-0: Foul Ball, location: 2F 0-1: Ball 1-1: Ball 2-1: Ball 3-1: Base on Balls
|
|
Batting: RHB Angel Salazar
|
0-0: Called Strike 0-1: Ball 1-1: Foul Ball, location: 2F 1-2: Ball 2-2: Fielders Choice at 2nd, 4-6 (Groundball, 4, EV 85.6 MPH)
|
|
Batting: LHB Kelvin Torve
|
0-0: Ball 1-0: Ball 2-0: Called Strike 2-1: Called Strike 2-2: Foul Ball, location: 2F 2-2: Ball 3-2: Foul Ball, location: 2F 3-2: Fly out, F5 (Popup, 56S, EV 75.0 MPH)
|
|
Batting: RHB Jim Paciorek
|
0-0: Ball 1-0: Called Strike 1-1: Ball 2-1: Foul Ball, location: 2F 2-2: Ball Angel Salazar steals 2nd base (no throw) 3-2: Intentional Walk
|
|
Batting: RHB Dave Engle
|
0-0: Ball 1-0: Fly out, F8 (Line Drive, 8LM, EV 85.0 MPH)
|
| Top of the 11th over - 0 runs, 0 hits, 0 errors, 2 left on base; Savannah 9 - Mobile 9 |
| BOTTOM OF THE 11TH |
|
Mobile Bears batting - Pitching for Savannah Indians : RHP Joel Willett
|
|
Now at C: T.J. Johnson
|
|
|
Batting: LHB Delano Freeney
|
0-0: Ball 1-0: SINGLE (Groundball, 56D, EV 102.5 MPH)
|
|
Batting: RHB Jim Opie
|
0-0: Ball 1-0: Swinging Strike 1-1: Ball 2-1: Swinging Strike 2-2: Strikes out swinging
|
|
Batting: LHB Jeffrey Szczecinski
|
0-0: Ball 1-0: Foul Ball, location: 2F 1-1: Foul Ball, location: 2F 1-2: Foul Ball, location: 2F 1-2: Ball 2-2: Reached via error on a dropped throw from 2B, E3 (Groundball, 34, EV 83.1 MPH) Delano Freeney to second
|
|
Batting: RHB Bob Hendershot
|
0-0: Called Strike 0-1: Grounds into double play, 5-4-3 (Groundball, 56, EV 106.3 MPH)
|
| Bottom of the 11th over - 0 runs, 1 hit, 1 error, 1 left on base; Savannah 9 - Mobile 9 |
| TOP OF THE 12TH |
|
Savannah Indians batting - Pitching for Mobile Bears : RHP Dave S Smith
|
|
Batting: RHB Ramiro Gutierrez
|
0-0: Swinging Strike 0-1: Ball 1-1: Called Strike 1-2: Ball 2-2: Foul Ball, location: 2F 2-2: Reached on error, E5 (Groundball, 5S, EV 78.1 MPH)
|
|
Pitching: RHP Harold Kelly
|
|
|
Batting: LHB Roberto Hernandez
|
0-0: Called Strike Ramiro Gutierrez is caught stealing 2nd base 2-6 0-1: Swinging Strike 0-2: Ball 1-2: Strikes out looking
|
|
Batting: RHB Eddie Vargas
|
0-0: Called Strike 0-1: Swinging Strike 0-2: Ball 1-2: Fly out, F9 (Flyball, 9D, EV 73.8 MPH)
|
| Top of the 12th over - 0 runs, 0 hits, 1 error, 0 left on base; Savannah 9 - Mobile 9 |
| BOTTOM OF THE 12TH |
|
Mobile Bears batting - Pitching for Savannah Indians : RHP Joel Willett
|
|
Batting: LHB Franklin Stubbs
|
0-0: Called Strike 0-1: Swinging Strike 0-2: Strikes out swinging
|
|
Batting: SHB Dave Cochrane
|
0-0: Called Strike 0-1: Swinging Strike 0-2: Ball 1-2: Strikes out swinging
|
|
Batting: SHB Paul Hundhammer
|
0-0: Foul Ball, location: 2F 0-1: Ball 1-1: Ground out U3 (Groundball, 3, EV 83.8 MPH)
|
| Bottom of the 12th over - 0 runs, 0 hits, 0 errors, 0 left on base; Savannah 9 - Mobile 9 |
| TOP OF THE 13TH |
|
Savannah Indians batting - Pitching for Mobile Bears : RHP Harold Kelly
|
|
Batting: RHB Angelo Blake
|
0-0: Ball 1-0: Swinging Strike 1-1: Foul Ball, location: 2F 1-2: Foul Ball, location: 2F 1-2: Foul Ball, location: 2F 1-2: Ball 2-2: Foul Ball, location: 2F 2-2: Foul Ball, location: 2F 2-2: Foul Ball, location: 2F 2-2: Foul Ball, location: 2F 2-2: Strikes out swinging
|
|
Batting: RHB T.J. Johnson
|
0-0: Ball 1-0: Fly out, F9 (Flyball, 9LS, EV 80.6 MPH)
|
|
Batting: RHB Angel Salazar
|
0-0: Reached on error, E6 (Groundball, 6, EV 90.6 MPH)
|
|
Batting: LHB Kelvin Torve
|
0-0: Ball Angel Salazar steals 2nd base 1-0: Foul Ball, location: 2F 1-1: Ball 2-1: Fly out, F8 (Flyball, 78D, EV 95.0 MPH)
|
| Top of the 13th over - 0 runs, 0 hits, 1 error, 1 left on base; Savannah 9 - Mobile 9 |
| BOTTOM OF THE 13TH |
|
Mobile Bears batting - Pitching for Savannah Indians : RHP Joel Willett
|
|
Pitching: LHP John LoCascio
|
|
|
Batting: RHB Jose Aguirre
|
0-0: Ball 1-0: Ball 2-0: Ground out 5-3 (Groundball, 56, EV 102.5 MPH)
|
|
Batting: LHB Douglas Latrenta
|
0-0: Ball 1-0: Called Strike 1-1: Ball 2-1: Called Strike 2-2: Strikes out swinging
|
|
Pinch Hitting: RHB Rick Stromer
|
0-0: Swinging Strike 0-1: Ball 1-1: Foul Ball, location: 2F 1-2: Ball 2-2: Fly out, F7 (Flyball, 7D, EV 103.8 MPH)
|
| Bottom of the 13th over - 0 runs, 0 hits, 0 errors, 0 left on base; Savannah 9 - Mobile 9 |
| TOP OF THE 14TH |
|
Savannah Indians batting - Pitching for Mobile Bears : RHP Harold Kelly
|
|
Now at 3B: Rick Stromer
|
|
|
Batting: RHB Jim Paciorek
|
0-0: Ground out 1-3 (Groundball, 15S, EV 69.4 MPH)
|
|
Batting: RHB Dave Engle
|
0-0: Ball 1-0: Foul Ball, location: 2F 1-1: SINGLE (Groundball, 4MD, EV 96.9 MPH)
|
|
Batting: RHB Ramiro Gutierrez
|
0-0: Called Strike 0-1: Ball 1-1: Ball Wild Pitch! Dave Engle to second 2-1: Fly out, F8 (Flyball, 8RD, EV 105.6 MPH)
|
|
Batting: LHB Roberto Hernandez
|
0-0: Ball 1-0: Foul Ball, location: 2F 1-1: Foul Ball, location: 2F 1-2: Strikes out swinging
|
| Top of the 14th over - 0 runs, 1 hit, 0 errors, 1 left on base; Savannah 9 - Mobile 9 |
| BOTTOM OF THE 14TH |
|
Mobile Bears batting - Pitching for Savannah Indians : LHP John LoCascio
|
|
Batting: RHB Jim Opie
|
0-0: Ball 1-0: Ball 2-0: Called Strike 2-1: Called Strike 2-2: Foul Ball, location: 2F 2-2: Foul Ball, location: 2F 2-2: Ball 3-2: Foul Ball, location: 2F 3-2: Base on Balls
|
|
Batting: LHB Jeffrey Szczecinski
|
0-0: Foul Ball, location: 2F 0-1: Ball 1-1: Ball 2-1: Ball 3-1: Base on Balls Jim Opie to second
|
|
Batting: RHB Bob Hendershot
|
0-0: Ball 1-0: Ball 2-0: Foul Ball, location: 2F 2-1: Ball 3-1: Base on Balls Jim Opie to third Jeffrey Szczecinski to second
|
|
Batting: LHB Franklin Stubbs
|
0-0: Ball 1-0: Ball 2-0: Ball 3-0: Swinging Strike 3-1: Foul Ball, location: 2F 3-2: Foul Ball, location: 2F 3-2: Strikes out swinging
|
|
Batting: SHB Dave Cochrane
|
0-0: Called Strike 0-1: Swinging Strike 0-2: Strikes out swinging
|
|
Batting: SHB Paul Hundhammer
|
0-0: Swinging Strike 0-1: Fly out, F7 (Flyball, 7, EV 83.8 MPH)
|
| Bottom of the 14th over - 0 runs, 0 hits, 0 errors, 3 left on base; Savannah 9 - Mobile 9 |
| TOP OF THE 15TH |
|
Savannah Indians batting - Pitching for Mobile Bears : RHP Harold Kelly
|
|
Batting: RHB Eddie Vargas
|
0-0: Fly out, F8 (Flyball, 8RD, EV 98.1 MPH)
|
|
Batting: RHB Angelo Blake
|
0-0: Ball 1-0: Ball 2-0: Called Strike 2-1: Ball 3-1: Base on Balls
|
|
Batting: RHB T.J. Johnson
|
0-0: Ball 1-0: Ball 2-0: Ball 3-0: Base on Balls Angelo Blake to second
|
|
Batting: RHB Angel Salazar
|
0-0: SINGLE (Groundball, 6S, EV 63.1 MPH) (infield hit) Angelo Blake to third T.J. Johnson to second
|
|
Batting: LHB Kelvin Torve
|
0-0: Ball 1-0: Called Strike 1-1: DOUBLE (Line Drive, 7LM, EV 110.6 MPH) Angelo Blake scores T.J. Johnson scores Angel Salazar to third Runner from 3rd tries for Home, SAFE, throw by LF to trailing runner, SAFE at third!
|
|
Batting: RHB Jim Paciorek
|
0-0: Intentional Walk
|
|
Batting: RHB Dave Engle
|
0-0: Swinging Strike 0-1: Ball 1-1: Ball 2-1: Foul Ball, location: 2F 2-2: Foul Ball, location: 2F 2-2: Strikes out looking
|
|
Batting: RHB Ramiro Gutierrez
|
0-0: Ball 1-0: Foul Ball, location: 2F 1-1: Ball 2-1: Ball 3-1: Base on Balls Jim Paciorek to second
|
|
Batting: LHB Roberto Hernandez
|
0-0: Ball 1-0: Ball 2-0: Swinging Strike 2-1: Foul Ball, location: 2F 2-2: Ball 3-2: Base on Balls Kelvin Torve scores Jim Paciorek to third Ramiro Gutierrez to second
|
|
Pitching: RHP Randy Ramirez
|
|
|
Batting: RHB Eddie Vargas
|
0-0: Ball 1-0: Ball 2-0: Ball 3-0: Called Strike 3-1: Called Strike 3-2: Fly out, F9 (Line Drive, 9D, EV 89.4 MPH)
|
| Top of the 15th over - 4 runs, 2 hits, 0 errors, 3 left on base; Savannah 13 - Mobile 9 |
| BOTTOM OF THE 15TH |
|
Mobile Bears batting - Pitching for Savannah Indians : LHP John LoCascio
|
|
Batting: RHB Jose Aguirre
|
0-0: Called Strike 0-1: Ground out 5-3 (Groundball, 5, EV 87.5 MPH)
|
|
Batting: LHB Douglas Latrenta
|
0-0: Ball 1-0: Ball 2-0: Called Strike 2-1: Ball 3-1: Base on Balls
|
|
Pitching: RHP Jack G Hardy
|
|
|
Batting: RHB Rick Stromer
|
0-0: Called Strike 0-1: Foul Ball, location: 2F 0-2: Ball 1-2: Fly out, F7 (Flyball, 7LM, EV 93.1 MPH)
|
|
Batting: RHB Jim Opie
|
0-0: Called Strike 0-1: Fly out, F8 (Flyball, 8LD, EV 107.5 MPH)
|
| Bottom of the 15th over - 0 runs, 0 hits, 0 errors, 1 left on base; Savannah 13 - Mobile 9 |
|